 Dungeon Crawl Stone Soup version 0.28-a0-422-gd71735cc25 (webtiles) character file.

Game seed: 9544510459660754548

466 robertstho the Magician (level 7, -14/49 HPs)
             Began as a Djinni Fire Elementalist on Sept 8, 2021.
             Killed from afar by Dowan (19 damage)
             ... with a stone arrow
             ... on level 4 of the Dungeon.
             The game lasted 00:07:17 (4707 turns).

robertstho the Magician (Djinni Fire Elementalist)  Turns: 4707, Time: 00:07:17

Health: -14/49     AC:  3    Str:  7    XL:     7   Next: 30%
Gold:   221        EV: 13    Int: 18    God:
                   SH:  0    Dex: 20

rFire   + + .      SeeInvis .   d - +0 dagger
rCold   x . .      Faith    .   (no shield)
rNeg    . . .      Spirit   .   a - +1 robe
rPois   ∞          Reflect  .   (no helmet)
rElec   .          Harm     .   (no cloak)
rCorr   .          Rampage  .   (no gloves)
Will    .....                   (boots unavailable)
Stlth   ++........              (no amulet)
HPRegen 0.16/turn               i - +6 ring of dexterity
MPRegen 0.00/turn               (no ring)

@: flying
A: sickness immunity, fire resistance 2, cold vulnerability 1, float, innate
caster, hp casting, extra vitality 1
a: no special abilities


You were on level 4 of the Dungeon.
You visited 1 branch of the dungeon, and saw 4 of its levels.

You collected 221 gold pieces.

Inventory:

Hand Weapons
 b - a +0 short sword
 d - a +0 dagger (weapon)
Armour
 a - a +1 robe (worn)
Jewellery
 i - a +6 ring of dexterity (left hand)
Wands
 h - a wand of iceblast (13)
Potions
 c - 2 potions of might
 e - a potion of magic {unknown}
 f - a potion of cancellation {unknown}
 g - a potion of curing {unknown}


   Skills:
 * Level 2.0 Fighting
 + Level 2.3 Dodging
 + Level 2.1 Stealth
 * Level 5.5 Spellcasting


You couldn't memorise any spells.
You knew the following spells:

 Your Spells              Type           Power      Damage    Failure   Level
a - Foxfire               Conj/Fire      100%       2x1d9     1%          1
b - Scorch                Fire           50%        2d7       1%          2
c - Conjure Flame         Conj/Fire      25%        6-21      3%          3
d - Inner Flame           Hex/Fire       25%        N/A       3%          3
e - Flame Wave            Conj/Fire      25%        3d6       13%         4
f - Freeze                Ice            100%       1d11      1%          1
g - Poisonous Vapours     Pois/Air       50%        N/A       1%          2
h - Wereblood             Tmut           25%        N/A       1%          2
Your spell library was empty.

Dungeon Overview and Level Annotations

Branches:
Dungeon (4/15)
 Temple: D:4-7

Altars:
Zin

Shops:
D:2 (

Annotations:
D:4 Dowan


Innate Abilities, Weirdness & Mutations

You are immune to sickness and miasma.
You are immune to poison.
Your flesh is very heat resistant. (rF++)
You are vulnerable to cold. (rC-)
You float through the air rather than walking.
You learn spells naturally, not from books.
Your magical power is your life essence.
You have superior vitality. (+4 HP)


Message History

Dowan gestures at you while chanting. The stone arrow misses you.
Dowan closely misses you. Dowan barely misses you.
You bump into the rock wall.
Dowan gestures wildly while chanting.
Dowan blinks!
You bump into the rock wall.
You feel less invigorated.
You feel less confused.
You aren't carrying any scrolls.
Okay, then.
Casting: Scorch (safe; 1% risk of failure)
Confirm with . or Enter, or press ? or * to list all spells.
Aiming: Poisonous Vapours (safe; 1% risk of failure)
Press: ? - help, Dir - move target, f - Dowan
Aim: Dowan, wielding a +0 dagger and wearing a +0 robe (fast) Poisonous vapours surround Dowan!
Dowan is poisoned.
Dowan barely misses you.
Unknown command.
Casting: Poisonous Vapours (safe; 1% risk of failure)
Confirm with . or Enter, or press ? or * to list all spells.
Flames lash Dowan.
Dowan is moderately wounded.
Dowan's fire resistance burns away.
Dowan mumbles some strange words.
Dowan blinks!
Dowan casts a spell at you. The shard of ice hits you!!
You feel a painful chill!
* * * LOW HITPOINT WARNING * * *
Casting: Scorch (safe; 1% risk of failure)
Confirm with . or Enter, or press ? or * to list all spells.
Nothing appears to happen.
* * * LOW HITPOINT WARNING * * *
Aiming: Iceblast
Press: ? - help, Shift-Dir - straight line, f/p - Dowan
Aim: Dowan, wielding a +0 dagger and wearing a +0 robe (moderately wounded, fast, very poisoned, more vulnerable to fire)
The mass of ice explodes!
The iceblast engulfs Dowan!
Dowan is almost dead.
Dowan casts a spell at you. The stone arrow hits you!!
You die...

#..>..............
#...#..
#.........))......
#...#..
##...####'##..####
#####.#
##..>##...##..######.
#.#
.....#....#§.§§§...(.
.e.
>....#....#§§§§§.....
....
##...##...##§§§.##
#)###
###'###...##.§§.## #e
.....#.....)....@# ?.
.....'...........# ..
#######.####.e####
##..###.## #.†#
.........#.....#
##.......#.....'.
##......##....##.#
......(.##....# .#
##[.##..##.....


You could see Dowan (fast, very poisoned, inflammable).

Vanquished Creatures
  Duvessa (D:4)
  2 ogres (D:4)
  A centaur skeleton (D:4)
  A hound skeleton (D:4)
  8 adders
  A worm (D:2)
  7 endoplasms
  4 giant cockroaches (D:2)
  7 goblins
  8 hobgoblins
  9 jackals
  2 quokkas (D:1)
  5 ball pythons
  4 bats
  5 frilled lizards
  8 kobolds
  5 rats
78 creatures vanquished.

Vanquished Creatures (collateral kills)
  A foxfire (D:3)
1 creature vanquished.

Vanquished Creatures (others)
  373 foxfires
373 creatures vanquished.

Grand Total: 452 creatures vanquished

Notes
Turn   | Place    | Note
-------+----------+-------------------------------------------
     0 | D:1      | robertstho the Djinni Fire Elementalist began the quest for
                  | the Orb.
     0 | D:1      | Reached XP level 1. HP: 15/15 MP: 0/0
   330 | D:1      | Reached XP level 2. HP: 17/21 MP: 0/0
   993 | D:1      | Reached skill level 3 in Spellcasting
  1369 | D:2      | Reached XP level 3. HP: 22/26 MP: 0/0
  1369 | D:2      | Learned a level 1 spell: Freeze
  1596 | D:2      | Reached skill level 1 in Fighting
  1810 | D:2      | Reached XP level 4. HP: 29/32 MP: 0/0
  2300 | D:2      | Found Odozikug's Antique Weapon Shop.
  2759 | D:3      | Found a faded altar of an unknown god.
  2877 | D:3      | Found a glowing silver altar of Zin.
  3217 | D:3      | Reached XP level 5. HP: 34/37 MP: 0/0
  3217 | D:3      | Learned a level 2 spell: Poisonous Vapours
  3596 | D:3      | Reached skill level 4 in Spellcasting
  3842 | D:4      | Noticed Dowan
  4270 | D:4      | Noticed an ogre
  4272 | D:4      | Noticed an ogre
  4277 | D:4      | Killed an ogre
  4278 | D:4      | Reached XP level 6. HP: 23/42 MP: 0/0
  4279 | D:4      | Killed an ogre
  4280 | D:4      | Reached skill level 5 in Spellcasting
  4387 | D:4      | Noticed Duvessa
  4692 | D:4      | Killed Duvessa
  4693 | D:4      | Reached XP level 7. HP: 13/49 MP: 0/0
  4693 | D:4      | Learned a level 2 spell: Wereblood
  4695 | D:4      | HP: 2/49 [Dowan/stone arrow (12)]
  4707 | D:4      | Killed from afar by Dowan

Illustrated notes

Levels and vault maps discovered:
D:1:      dpeg_arrival_lava_temple_mockup, layout_basic
D:2:      layout_rooms, serial_shops, nicolae_shop_waterfront,
          corexii_hall_statues_t, kennysheep_cluttered_room
D:3:      layout_basic, mainiacjoe_overflow_alcove_2,
          ebering_ecumenical_altar_petrified
D:4:      layout_gridville, yredelemnul_forgotten_temple_becter, uniq_duvessa

Skill      XL: |  1  2  3  4  5  6 |
---------------+-------------------+-----
Spellcasting   | 3 4 5 |  5.5
Fighting       | 1 2 |  2.0
Stealth        | 2 |  2.1
Dodging        | |  2.3

Action                   |  1- 3 |  4- 6 |  7- 9 || total
-------------------------+-------+-------+-------++-------
 Cast: Foxfire           |    86 |   128 |       ||   214
       Scorch            |       |    15 |     2 ||    17
       Poisonous Vapours |       |       |     1 ||     1
Evoke: Wand              |       |       |     1 ||     1
  Use: Scroll            |       |     5 |     1 ||     6
       Potion            |       |       |     1 ||     1
Armor: Robe              |       |     2 |       ||     2
Dodge: Dodged            |       |    10 |     6 ||    16

Table legend: (Time is in decaauts)
 A = Elapsed time spent in this place.
 B = Non-inter-level travel time spent in this place.
 C = Inter-level travel time spent in this place.
 D = Time resting spent in this place.
 E = Time spent auto-exploring this place.
 F = Levels seen in this place.
 G = Mean time per level.
                   A        B        C        D        E       F      G
               +--------+--------+--------+--------+--------+-----+--------+
         Total |   4705 |   4573 |    132 |    351 |   3704 |   4 | 1176.2 |
       Dungeon |   4705 |   4573 |    132 |    351 |   3704 |   4 | 1176.2 |
               +--------+--------+--------+--------+--------+-----+--------+

Top non-repeatable levels by time:
     D:1: 1365 daAuts
     D:3: 1327 daAuts
     D:2: 1280 daAuts
     D:4: 732 daAuts
